 Dungeon Crawl Stone Soup version 0.29.1-15-g9cfb28693d (webtiles) character file.

Game seed: 8284119619526004167

404 BuddhaDhamma the Cleaver (level 6, -2/51 HPs)
             Began as a Minotaur Berserker on Mar 3, 2023.
             Was a Believer of Trog.
             Splashed by a jelly's acid (11 damage)
             ... on level 5 of the Dungeon.
             The game lasted 00:06:41 (3617 turns).

BuddhaDhamma the Cleaver (Minotaur Berserker)       Turns: 3617, Time: 00:06:42

Health: -2/51      AC: -4    Str: 23    XL:     6   Next: 56%
Magic:  5/5        EV:  5    Int:  4    God:    Trog [**....]
Gold:   198        SH:  6    Dex: 10    Spells: 5/5 levels left

rFire   . . .      SeeInvis .   h - +0 war axe
rCold   . . .      Faith    .   q - +0 kite shield
rNeg    . . .      Spirit   .   g - +0 plate armour
rPois   .          Reflect  .   (helmet restricted)
rElec   .          Harm     .   (no cloak)
rCorr   .          Rampage  .   (no gloves)
Will    .....                   (no boots)
Stlth   ..........              (no amulet)
HPRegen 0.17/turn               (no ring)
MPRegen 0.09/turn               (no ring)

@: corroded
A: horns 2, retaliatory headbutt
a: Renounce Religion, Berserk, Trog's Hand


You were on level 5 of the Dungeon.
You worshipped Trog.
Trog was pleased with you.
You visited 1 branch of the dungeon, and saw 5 of its levels.

You collected 198 gold pieces.

Inventory:

Hand Weapons
 h - a +0 war axe (weapon)
Missiles
 c - 5 boomerangs
 i - 5 datura-tipped darts (quivered)
Armour
 g - a +0 plate armour (worn)
 q - a +0 kite shield (worn)
Jewellery
 l - a ring of protection from cold
Scrolls
 a - a scroll of vulnerability {unknown}
 d - 2 scrolls of magic mapping
 e - 2 scrolls of teleportation
 k - 7 scrolls of identify
 p - a scroll of blinking
Potions
 b - 2 potions of resistance
 f - a potion of mutation
 j - 2 potions of curing
 n - a potion of lignification
 r - a potion of heal wounds
 t - a potion of haste


   Skills:
 - Level 3.6 Fighting
 + Level 9.0 Axes
 - Level 2.4 Armour
 - Level 2.1 Dodging


You had 5 spell levels left.
You didn't know any spells.
Your spell library was empty.

Dungeon Overview and Level Annotations

Branches:
Dungeon (5/15)
 Temple: D:4-7

Altars:
Cheibriados
Fedhas

Shops:
D:5 (

Annotations:
D:3 exclusion: oklob plant


Innate Abilities, Weirdness & Mutations

You have a pair of horns on your head.
You reflexively headbutt those who attack you in melee.


Message History

You slash something! Trog accepts your kill.
Trog appreciates your killing of a magic user.
Reactivating autopickup.
You feel a bit more experienced.
Your Axes skill increases to level 9!
Found a stone staircase leading down.
a - a scroll labelled ROARASCH YREHA
Items here: ))) [[ ††.
You hear a distant slurping noise.
You see here a +0 long sword.
Found a dagger.
You hear a distant slurping noise.
You see here 6 stones.
A jelly comes into view.
The jelly quivers.
The jelly hits you but does no damage.
You slash the jelly! The acid corrodes you!
Your hands burn!
The jelly is moderately wounded.
The jelly hits you but does no damage. x2
You slash the jelly! The acid corrodes you!
Your hands burn!
The jelly is heavily wounded.
The jelly hits you but does no damage.
You hit the jelly.
Your hands burn!
The jelly is heavily wounded.
The jelly hits you. The acid corrodes you!
You are splashed with acid!
You are too injured to fight recklessly!
You are too injured to fight recklessly!
The jelly hits you.
You are splashed with acid.
You barely miss the jelly.
The jelly is heavily wounded.
The jelly hits you but does no damage.
You hit the jelly. The acid corrodes you!
Your hands burn!
The jelly is severely wounded.
The jelly hits you.
You are splashed with acid!
* * * LOW HITPOINT WARNING * * *
The jelly hits you.
* * * LOW HITPOINT WARNING * * *
The acid corrodes you!
You are splashed with acid!
You die...

. ########### . ..#
##......... .#..#
..........# ....#
##.######.# #.#.# ##(###
#.# #.#.# .....####.#
#.#.######.
.......##.####.#........
#######.#.......@#
#.....#.#.####.#J#
#.∩.>.#...# #.#.#
#.....#.### #$#.#
#######.# #.#.# .. ..#
#.#.# .# ##.# #.#.# .#
... ..#.# .# #.#


You could see a jelly.

Vanquished Creatures
  Eustachio (D:4)
  A hound (D:4)
  2 jellies
  An orc wizard (D:5)
  4 gnolls (D:2)
  4 adders
  4 orcs
  3 bats
  4 endoplasms (D:3)
  2 giant cockroaches
  10 goblins
  5 hobgoblins
  15 jackals
  5 kobolds
  2 quokkas
  4 ball pythons
  4 frilled lizards (D:2)
  2 rats (D:1)
73 creatures vanquished.

Notes
Turn   | Place    | Note
-------+----------+-------------------------------------------
     0 | D:1      | BuddhaDhamma the Minotaur Berserker began the quest for the
                  | Orb.
     0 | D:1      | Reached XP level 1. HP: 19/19 MP: 0/0
   147 | D:1      | Reached skill level 4 in Axes
   230 | D:1      | Reached XP level 2. HP: 23/26 MP: 1/1
   754 | D:2      | Reached skill level 5 in Axes
   754 | D:2      | Reached XP level 3. HP: 17/31 MP: 2/2
  1060 | D:2      | Reached ** piety under Trog
  1110 | D:2      | You fall into a shaft and drop 1 floor!
  1260 | D:2      | Reached skill level 6 in Axes
  1260 | D:2      | Reached XP level 4. HP: 25/39 MP: 3/3
  1689 | D:3      | Found a blossoming altar of Fedhas.
  1703 | D:3      | Noticed an oklob plant
  2536 | D:4      | Reached skill level 7 in Axes
  2536 | D:4      | Reached XP level 5. HP: 45/45 MP: 4/4
  2704 | D:4      | Noticed Eustachio
  2719 | D:4      | Killed Eustachio
  2720 | D:4      | Reached skill level 8 in Axes
  2720 | D:4      | Reached XP level 6. HP: 28/51 MP: 5/5
  3247 | D:4      | Found a snail-covered altar of Cheibriados.
  3385 | D:5      | Entered Level 5 of the Dungeon
  3533 | D:5      | Found Arghued's Antique Weapon Shoppe.
  3544 | D:5      | Reached skill level 9 in Axes
  3617 | D:5      | Splashed by a jelly's acid

Illustrated notes

Levels and vault maps discovered:
D:1:      lightli_arrival_boilingwater, layout_basic
D:2:      layout_rooms, hangedman_decor_clover_reticule, grunt_ministairs_8,
          minmay_quantized
D:3:      layout_basic, grunt_temple_overflow_octagram, tgw_fedhas,
          hellmonk_ecumenical_altar_arch_garden, uniq_robin
D:4:      layout_loops_ring, chei_slow_surprise, uniq_eustachio
D:5:      cheibrodos_two_vegetables, layout_loops_ring,
          minmay_temple_entry_hall, serial_shops, nicolae_take_the_stairs,
          uniq_ijyb

Skill      XL: |  1  2  3  4  5  6 |
---------------+-------------------+-----
Axes           | 4 5 6 7 8 9 |  9.0
Fighting       | |  3.6
Armour         | |  2.4
Dodging        | |  2.1

Action                   |  1- 3 |  4- 6 || total
-------------------------+-------+-------++-------
Melee: Hand axe          |    86 |    85 ||   171
       Headbutt          |     8 |    11 ||    19
       Punch             |     1 |       ||     1
       War axe           |       |    21 ||    21
Throw: Boomerang         |    12 |       ||    12
       Dart              |     4 |     2 ||     6
Invok: Berserk           |       |     1 ||     1
  Use: Scroll            |       |    13 ||    13
Armor: Animal skin       |     2 |       ||     2
       Plate armour      |    53 |    64 ||   117
Dodge: Dodged            |    24 |    24 ||    48
Block: Kite shield       |       |    19 ||    19
